Map: Port Aleksander LE

Players

soO - Winner!

  • Race: Zerg Zerg
  • Spawn Location: 11:00

Stats

  • Race: Protoss Protoss
  • Spawn Location: 5:00

Event: IEM Season 13: Katowice (2019)

VOD

Have the link to the VOD?

Description

Time

  • Played on: March 3, 2019, 7:44 a.m.
  • Length: 12:07

All games in this series

Show
View Real Time Build Order
Export as new Build Order

soO Zerg - Winner!

Build Orders: Hatch First, Roach Hydra 

Get SALT Encoding   

  12  0:00  Drone  
  13  0:12  Overlord  
  13  0:17  Drone  
  14  0:30  Drone x2  
  14  0:33  Drone  
  17  0:51  Hatchery  
  17  0:55  Drone  
  17  0:58  Drone  
  18  1:10  Extractor  
  17  1:13  Spawning Pool  
  17  1:17  Drone  
  17  1:20  Drone  
  18  1:28  Drone  
  19  1:39  Drone  
  20  1:47  Hatchery  
  20  1:51  Drone  
  20  2:00  Drone  
  21  2:03  Queen  
  21  2:06  Drone  
  24  2:11  Drone  
  25  2:16  Overlord  
  25  2:26  Queen  
  25  2:28  Drone  
  28  2:32  Metabolic Boost  
  28  2:36  Drone  
  29  2:38  Drone  
  29  2:41  Drone  
  29  2:43  Drone  
  32  2:49  Drone  
  33  2:53  Overlord  
  33  3:01  Drone  
  34  3:11  Queen x2, Drone  
  34  3:12  Drone x2  
  41  3:15  Overlord  
  41  3:17  Drone  
  42  3:33  Drone x2  
  44  3:34  Spore Crawler  
  44  3:35  Spore Crawler, Drone  
  44  3:36  Drone x5  
  48  3:42  Overlord  
  48  3:43  Drone x2  
  50  3:54  Overlord  
  50  3:59  Queen, Extractor  
  50  4:00  Drone x2  
  50  4:01  Drone  
  54  4:03  Drone  
  54  4:04  Extractor, Drone  
  54  4:06  Drone x2  
  54  4:07  Zergling x2  
  58  4:11  Overlord  
  58  4:13  Zergling x4  
  58  4:15  Zergling x4  
  62  4:19  Lair  
  62  4:24  Zergling x8  
  62  4:30  Zergling x6  
  69  4:37  Drone, Roach Warren  
  69  4:40  Drone  
  69  4:47  Drone x6  
  69  4:51  Spore Crawler  
  69  4:53  Drone  
  69  4:55  Drone  
  71  5:00  Drone x2  
  71  5:02  Overlord  
  71  5:06  Overlord  
  72  5:08  Overlord  
  72  5:10  Drone  
  72  5:12  Overlord  
  72  5:14  Drone  
  72  5:16  Drone  
  72  5:17  Drone  
  72  5:20  Glial Reconstitution  
  72  5:27  Spire, Drone x2  
  73  5:29  Drone  
  73  5:30  Extractor  
  73  5:31  Extractor  
  73  5:32  Roach  
  73  5:34  Roach  
  76  5:38  Roach x3  
  82  5:43  Drone x2  
  82  5:47  Drone x2  
  82  5:49  Drone x2  
  88  5:51  Extractor  
  88  5:54  Overseer  
  87  5:57  Roach  
  87  5:58  Roach x3, Overlord  
  87  6:03  Drone  
  96  6:16  Drone x3  
  99  6:20  Overlord  
  99  6:23  Roach  
  99  6:24  Roach x5  
  111  6:27  Drone x2  
  111  6:28  Drone  
  111  6:30  Overlord  
  114  6:39  Overlord, Hatchery  
  108  6:54  Hydralisk Den  
  105  6:55  Drone x2  
  105  6:56  Drone  
  105  6:57  Drone  
  105  6:58  Drone  
  110  7:05  Drone  
  110  7:06  Drone  
  110  7:07  Drone  
  113  7:08  Evolution Chamber, Baneling Nest  
  113  7:13  Drone  
  113  7:14  Overlord  
  112  7:23  Hydralisk x7, Grooved Spines  
  125  7:34  Hydralisk x5  
  133  7:38  Zerg Missile Weapons Level 1  
  131  7:52  Overseer, Centrifical Hooks  
  131  7:54  Ravager  
  131  7:57  Drone x4  
  131  7:58  Drone x2  
  137  8:00  Spore Crawler  
  137  8:05  Queen, Overlord, Drone x2  
  140  8:10  Hydralisk x2  
  140  8:11  Hydralisk  
  140  8:12  Roach x2  
  150  8:13  Overlord x2  
  150  8:17  Overlord  
  150  8:23  Overlord  
  150  8:25  Zergling x2  
  150  8:26  Overlord  
  151  8:28  Overlord  
  151  8:31  Overlord  
  151  8:35  Zergling x20  
  151  8:36  Muscular Augments  
  161  8:45  Zergling x12  
  167  8:51  Zergling x2  
  167  8:54  Zergling x2  
  169  8:58  Zergling x6  
  169  8:59  Zergling x6  
  175  9:04  Baneling x34  
  175  9:06  Zergling x8  
  179  9:15  Zergling x18  
  188  9:19  Hatchery  
  188  9:23  Zergling x6  
  189  9:30  Zergling x14  
  190  9:38  Zerg Melee Weapons Level 1  
  190  9:40  Zergling x8  
  188  9:50  Zergling x2  
  188  9:51  Zergling x16  
  160  9:57  Hydralisk x2  
  160  9:59  Baneling x16  
  157  10:04  Hydralisk x2  
  159  10:08  Hydralisk x2  
  159  10:11  Zergling x20  
  167  10:16  Zergling x2  
  141  10:28  Zergling x14  
  141  10:31  Zergling x4  
  141  10:34  Zergling x2  
  124  10:36  Zergling x2  
  124  10:38  Zergling x4  
  124  10:40  Zergling x2  
  124  10:41  Hydralisk x3, Zergling x4  
  112  10:50  Zergling x10  
  117  10:57  Hydralisk x2  
  117  10:58  Zergling x4  
  123  11:06  Baneling x7  
  123  11:07  Zergling x6, Baneling x15  
  123  11:08  Hydralisk  
  128  11:15  Zergling x4  
  130  11:19  Zergling x4  
  132  11:25  Baneling x4  
  132  11:26  Zergling x4  
  132  11:28  Zergling x2, Baneling x3  
  124  11:40  Zergling x10  
Show
View Real Time Build Order
Export as new Build Order

Stats Protoss 

Build Orders: 1 Gate Expand, Oracle Opening, Archon Immortal, Archon Drop 

Get SALT Encoding   

  12  0:00  Probe  
  13  0:12  Probe  
  14  0:19  Pylon  
  14  0:24  Probe  
  15  0:33  Probe  
  15  0:41  Probe  
  16  0:44  Gateway  
  16  0:47  Assimilator  
  17  0:52  Probe  
  18  1:04  Probe  
  19  1:16  Probe  
  20  1:24  Nexus  
  20  1:35  Cybernetics Core  
  20  1:37  Probe  
  21  1:45  Assimilator  
  21  1:50  Probe  
  22  1:55  Pylon  
  22  2:02  Probe  
  22  2:04  Stalker  
  23  2:14  Probe  
  26  2:23  Probe  
  26  2:27  Stargate  
  27  2:31  Probe  
  27  2:32  Probe  
  27  2:33  Warp Gate  
  29  2:40  Probe x2  
  30  2:50  Adept  
  30  2:51  Probe  
  33  2:52  Probe  
  35  3:00  Oracle  
  35  3:03  Probe  
  35  3:04  Probe  
  40  3:15  Probe  
  40  3:16  Probe  
  42  3:21  Pylon  
  42  3:22  Assimilator x2  
  42  3:27  Probe  
  42  3:28  Probe  
  42  3:31  Oracle  
  44  3:39  Gateway, Probe  
  44  3:41  Probe  
  49  3:43  Pylon  
  49  3:51  Probe  
  49  3:53  Probe  
  51  3:55  Robotics Facility  
  51  4:03  Twilight Council, Probe  
  51  4:05  Probe  
  51  4:07  Pylon  
  53  4:18  Probe x2  
  53  4:23  Gateway x2  
  55  4:31  Pylon  
  55  4:35  Zealot x2  
  59  4:39  Warp Prism  
  61  4:54  Nexus  
  61  5:00  Pylon  
  57  5:10  Observer, Templar Archives  
  56  5:17  Zealot x2  
  56  5:18  Zealot x2  
  56  5:19  Probe x2  
  56  5:20  Pylon  
  67  5:31  Forge, Probe x2  
  67  5:33  Nexus  
  69  5:37  Pylon  
  69  5:41  Immortal  
  69  5:43  Protoss Ground Weapons Level 1  
  69  5:48  High Templar x2  
  73  5:50  High Templar x2  
  73  5:53  Archon  
  73  5:54  Archon  
  81  5:58  Probe x2  
  81  6:01  Charge  
  83  6:10  Immortal  
  83  6:21  Probe x2  
  89  6:25  Gateway  
  89  6:26  Gateway  
  89  6:50  Probe  
  89  6:51  Probe x2  
  89  6:53  Phoenix  
  94  6:54  Photon Cannon  
  94  6:56  Immortal  
  94  6:57  Photon Cannon  
  94  6:58  Photon Cannon  
  94  7:02  Sentry x4  
  106  7:09  Forge  
  106  7:10  Gateway  
  106  7:11  Gateway  
  106  7:14  Pylon  
  106  7:15  Probe x3  
  109  7:17  Pylon  
  109  7:19  Pylon  
  109  7:27  Zealot  
  109  7:28  Zealot  
  108  7:30  Zealot  
  108  7:34  Immortal, Probe x3  
  108  7:35  Protoss Ground Weapons Level 2  
  115  7:46  Photon Cannon  
  115  7:47  Zealot x2  
  119  8:03  Psionic Storm  
  119  8:08  Zealot x7  
  133  8:15  Pylon  
  133  8:18  Assimilator x2  
  133  8:31  Pylon  
  133  8:32  Pylon x2  
  133  8:34  High Templar x4  
  141  8:51  Zealot x4  
  149  9:10  Zealot x2, High Templar x2  
  149  9:13  Zealot x4  
  165  9:18  Pylon  
  165  9:19  Pylon x2  
  165  9:22  Photon Cannon  
  161  9:37  High Templar x4  
  161  9:38  Zealot x2  
  169  9:40  Archon  
  169  9:41  Archon  
  165  9:52  Immortal, Archon x3  
  137  9:54  Zealot x2  
  141  10:11  High Templar x2  
  141  10:12  Zealot x4  
  145  10:22  Archon  
  117  10:31  Zealot x2  
  117  10:34  Zealot x4  
  113  10:36  Immortal  
  92  10:51  High Templar x2  
  92  10:52  High Templar x2  
  92  10:57  Zealot x4  
  100  11:09  Immortal  
  100  11:18  High Templar x2  
  108  11:19  Zealot x2  
  111  11:39  Zealot x6  
  113  11:50  Archon  
  113  11:51  Archon  
  95  11:56  Zealot x2  
  74  12:01  Zealot x3  
  74  12:02  Zealot x2  

Tags
 
Add a new tag
Caveats
  • Supply blocks, unpowered buildings, or Contaminate may cause inaccurate times.
  • Supply counts are checked every 10 seconds.